 Dungeon Crawl Stone Soup version 0.30-a0-1161-g0704695555 (webtiles) character file.

Game seed: 4952555502623918428

56 kae the Insei (level 3, 0/27 HPs)
             Began as a Demigod Transmuter on Apr 27, 2023.
             Killed by nerve-wracking pain
             ... invoked by an orc priest
              (1 damage)
             ... on level 2 of the Dungeon.
             The game lasted 00:01:14 (1125 turns).

kae the Insei (Demigod Transmuter)                  Turns: 1125, Time: 00:01:14

Health: 0/27       AC:  2    Str: 11    XL:     3   Next: 47%
Magic:  15/18      EV: 12    Int: 25    God:
Gold:   46         SH:  0    Dex: 14    Spells: 0/6 levels left

rFire   . .          .
                       - Unarmed
rCold   . . .        (no shield)
rNeg    . . .        a - +0 robe
rPois   .            (no helmet)
rElec   .            (no cloak)
rCorr   .            (no gloves)
SInv    .            (no boots)
Will    .....        (no amulet)
Stlth   ++           I - +6 ring of intelligence
HPRegen 0.24/turn    W - ring of magical power
MPRegen 0.16/turn

%: no passive effects
@: no status effects
A: high MP 1, forlorn, divine attributes
a: no special abilities


You were on level 2 of the Dungeon.
You visited 1 branch of the dungeon, and saw 2 of its levels.

You collected 46 gold pieces.


Innate Abilities, Weirdness & Mutations

You have an increased reservoir of magic. (+10% MP)
You shall have no god before yourself.
Your divine heritage dramatically boosts your attributes as you level up.


   Skills:
 - Level 0.8 Fighting
 - Level 1.7 Dodging
 - Level 1.4 Stealth
 - Level 2.6 Unarmed Combat
 + Level 2.3 Spellcasting
 + Level 2.3 Transmutations
 + Level 1.3 Poison Magic


You couldn't memorise any spells.
You knew the following spells:

 Your Spells              Type           Power      Damage    Failure   Level
a - Beastly Appendage     Tmut           28%        N/A       4%          1
b - Wereblood             Tmut           14%        N/A       6%          2
c - Spider Form           Tmut/Pois      12%        N/A       16%         3

Your spell library contained the following spells:

 Spells                   Type           Power      Damage    Failure   Level
 Magic Dart               Conj           8%         1d3       11%         1
 Call Imp                 Summ           4%         N/A       17%         2
 Mephitic Cloud           Conj/Pois/Air  5%         N/A       26%         3
 Tukima's Dance           Hex            2%         N/A       32%         3
 Ice Form                 Ice/Tmut       8%         N/A       54%         4
 Passage of Golubria      Tloc           2%         N/A       73%         4
 Yara's Violent Unravell  Hex/Tmut       4%         3d4       88%         5

Inventory:

Missiles
 d - 20 stones
 g - 6 javelins
 h - 4 poisoned darts
Armour
 a - a +0 robe (worn)
Jewellery
 I - a +6 ring of intelligence (left hand)
   (You found it on level 2 of the Dungeon)
 W - a ring of magical power (right hand)
   (You found it on level 1 of the Dungeon)
Potions
 b - a potion of lignification {!q}
 e - 2 potions of attraction {!q}

Dungeon Overview and Level Annotations

Branches:
Dungeon (2/15) Zot: 10879

#.......#.# #.......#.# #####
#.......#.#
......#####.......#.#########
.......h.....................
....o.#####.......#.#########
...o. +...............# .o..
#######o........# =..
#@......รท.# ..
#.##..#.########## #
#.###.>........... #.#
##############
############.######.# #
#.........##.#......# #####
#.#######.##.#.####.# #....
#.#######.##.#.# #.# #.###
#.#.....#.##.#.####.# #.#..


You could see an orc priest.


Message History

๐Ÿ˜ฎ HP[-1]
You take 1 damage, and now have 13/22 hp.
You bump into the rock wall.
Your primal bloodlust is almost over.
Something hits you.
* * * LOW HITPOINT WARNING * * *
๐Ÿ˜จ HP[-4]
You take 4 damage, and now have 9/22 hp.
You barely miss something. Something hits you but does no damage.
Unknown command.
You completely miss something.
You howl as the wereblood boils in your veins!
You feel less confused.
You hear some strange, mumbled words.
A magic dart appears from out of thin air!
The magic dart hits you.
* * * LOW HITPOINT WARNING * * *
๐Ÿ˜ฑ HP[-5]
You take 5 damage, and now have 4/22 hp.
MASSIVE DAMAGE!! (PAUSE)
You barely miss something. ๐Ÿ˜ฑ HP[+1]
You hit something.
You feel a bit better.
Reactivating autopickup.
You feel a bit more experienced.
You have reached level 3!
Your experience leads to a dramatic increase in your attributes!
Your base attributes are Str 11, Int 15, Dex 14.
Increase (S)trength, (I)ntelligence, or (D)exterity?
You feel clever. x4 ๐Ÿ˜จ HP[+2] MP[+2]
You now have 27 max hp (+5).
You regained 2 hp, and now have 7/27 hp.
Your mp is fully restored (18). ๐Ÿ˜จ HP[+1]
Your primal bloodlust has ended. ๐Ÿ˜จ HP[+1] This spell is quite dangerous to cast!
Memorise Spider Form, consuming 3 spell levels and leaving 0?
You start memorising the spell.
You continue memorising. x3
You finish memorising.
Spell assigned to 'c'. ๐Ÿ˜จ HP[+1]
Items here: )) [ โ€ โ€ .
An orc comes into view.
It is wielding a +1 dagger of flaming. ๐Ÿ˜Ž HP[+17]
Your hp is fully restored (27).
An orc is nearby!
Unknown command.
An orc is nearby!
Casting: Wereblood (safe; 6% risk of failure)
Confirm with . or Enter, or press ? or * to list all spells.
You grow a pair of large bovine horns.
Your feet morph into talons.
The orc shouts! ๐Ÿ˜Ž MP[-1]
You lost 1 mp, and now have 17/18 mp.
The orc hits you but does no damage.
You closely miss the orc. The orc barely misses you.
The orc priest shouts!
You hit the orc but do no damage. You claw the orc.
The orc hits you but does no damage.
The orc priest calls down the wrath of Beogh upon you.
Beogh smites you!
Ouch! That really hurt!
* * * LOW HITPOINT WARNING * * *
๐Ÿ˜จ HP[-14]
You take 14 damage, and now have 13/27 hp.
MASSIVE DAMAGE!! (PAUSE)
Casting: Beastly Appendage (safe; 4% risk of failure)
Confirm with . or Enter, or press ? or * to list all spells.
The spell is quite dangerous to miscast (16% risk of failure)!
Continue anyway? [Y]es or [N]o only, please.
The spell is quite dangerous to miscast (16% risk of failure)!
Continue anyway?
Your horns disappear.
Your talons disappear.
You turn into a venomous arachnid creature.
Your +0 robe melds into your body.
The orc misses you. ๐Ÿ˜จ MP[-2]
You lost 2 mp, and now have 15/18 mp.
You hit the orc.
You kill the orc! ๐Ÿ˜ฎ HP[+1]
The orc priest mumbles some strange prayers to Beogh against you.
Beogh smites you!
* * * LOW HITPOINT WARNING * * *
Things that are here:
a +1 dagger of flaming; a +0 leather armour; an orc corpse ๐Ÿ˜ฑ HP[-13]
You take 13 damage, and now have 1/27 hp.
MASSIVE DAMAGE!! (PAUSE) It was a potion of invisibility.
You fade into invisibility!
Unknown command.
It was a potion of cancellation.
Your magical effects are unravelling.
You feel magically purged.
Your transformation has ended.
Your +0 robe unmelds from your body.
You flicker back into view.
The orc priest calls down the wrath of Beogh upon you.
Pain shoots through your body!
You die...

Skill      XL: |  1  2 |
---------------+-------+-----
Transmutations | 2 |  2.3
Spellcasting   | 2 |  2.3
Poison Magic   | 1 |  1.3
Stealth        | 1 |  1.4
Fighting       | |  0.8
Dodging        | |  1.7
Unarmed Combat | |  2.6

Action                     || total
---------------------------++-------
  Melee: Unarmed           ||    75
         Kick              ||    17
         Headbutt          ||     5
   Cast: Beastly Appendage ||    18
         Wereblood         ||     1
         Spider Form       ||     1
    Use: Scroll            ||     1
         Potion            ||     2
 Armour: Robe              ||    23
  Dodge: Dodged            ||    65

Levels and vault maps discovered:
D:1:      grunt_arrival_crossed_arrows, layout_rooms,
          shapermc_ecumenical_altar_notcrosses,
          hangedman_abyss_or_decor_lesser_grid, kennysheep_another_room
D:2:      layout_basic

Notes
Turn   | Place    | Note
-------+----------+-------------------------------------------
     0 | D:1      | kae the Demigod Transmuter began the quest for the Orb.
     0 | D:1      | Reached XP level 1. HP: 15/15 MP: 5/5
     0 | D:1      | magus.rc [v1.11.3]
   119 | D:1      | Reached skill level 2 in Transmutations
   128 | D:1      | Reached skill level 2 in Spellcasting
   136 | D:1      | Reached XP level 2. HP: 18/22 MP: 5/7
   208 | D:1      | Learned a level 2 spell: Wereblood
   360 | D:1      | You add the spells Tukima's Dance, Passage of Golubria and
                  | Yara's Violent Unravelling to your library.
   424 | D:1      | Reached skill level 1 in Poison Magic
   537 | D:1      | You pick up a book of Minor Magic and begin reading...
   537 | D:1      | You add the spells Magic Dart, Call Imp and Mephitic Cloud
                  | to your library.
   613 | D:1      | Reached skill level 1 in Stealth
  1019 | D:2      | HP: 4/22 [something/magic dart (5)]
  1022 | D:2      | Reached XP level 3. HP: 7/27 MP: 9/9
  1034 | D:2      | Learned a level 3 spell: Spider Form
  1123 | D:2      | HP: 1/27 [orc priest/divine providence (13)]
  1125 | D:2      | Killed from afar by an orc priest

Vanquished Creatures
  An orc wizard (D:2)
  2 orcs (D:2)
  A giant cockroach (D:1)
  4 goblins (D:1)
  4 hobgoblins (D:1)
  2 jackals (D:2)
  A quokka (D:1)
  3 ball pythons (D:1)
  2 bats (D:1)
  2 frilled lizards
  3 kobolds (D:1)
  A rat (D:1)
26 creatures vanquished.

Table legend:
 A = Non-vault XP
 B = Vault XP
 C = Vault XP percentage of total XP
 D = Non-vault monster count
 E = Vault monster count
 F = Vault count percentage of total count
                 A         B        C        D         E       F
            +---------+---------+-------+---------+---------+-------
      Total |      80 |       0 |   0.0 |      26 |       0 |   0.0
            +---------+---------+-------+---------+---------+-------
        D:1 |      34 |       0 |   0.0 |      20 |       0 |   0.0
        D:2 |      46 |       0 |   0.0 |       6 |       0 |   0.0
            +---------+---------+-------+---------+---------+-------

Skill      XL: |  1  2 |
---------------+-------+-----
Transmutations | 2 |  2.3
Spellcasting   | 2 |  2.3
Poison Magic   | 1 |  1.3
Stealth        | 1 |  1.4
Fighting       | |  0.8
Dodging        | |  1.7
Unarmed Combat | |  2.6

Action                     || total
---------------------------++-------
  Melee: Unarmed           ||    75
         Kick              ||    17
         Headbutt          ||     5
   Cast: Beastly Appendage ||    18
         Wereblood         ||     1
         Spider Form       ||     1
    Use: Scroll            ||     1
         Potion            ||     2
 Armour: Robe              ||    23
  Dodge: Dodged            ||    65

Illustrated notes

Table legend:
 A = Kills in this place as a percentage of kills in the entire game.
 B = Kills by you in this place as a percentage of kills by you in the entire game.
 C = Kills by friends in this place as a percentage of kills by friends in the entire game.
 D = Other kills in this place as a percentage of other kills in the entire game.
 E = Experience gained in this place as a percentage of experience gained in the entire game.
 F = Experience gained in this place divided by the number of levels of this place that you have seen.
                   A       B       C       D       E      F
               +-------+-------+-------+-------+-------+----------------------
         Total | 100.0 | 100.0 |   N/A |   N/A | 100.0 |  40.0
       Dungeon | 100.0 | 100.0 |   N/A |   N/A | 100.0 |  40.0
               +-------+-------+-------+-------+-------+----------------------

Table legend: (Time is in decaauts)
 A = Elapsed time spent in this place.
 B = Non-inter-level travel time spent in this place.
 C = Inter-level travel time spent in this place.
 D = Time resting spent in this place.
 E = Time spent auto-exploring this place.
 F = Levels seen in this place.
 G = Mean time per level.
                   A        B        C        D        E       F      G
               +--------+--------+--------+--------+--------+-----+--------+
         Total |   1119 |   1094 |     25 |      0 |    865 |   2 |  559.5 |
       Dungeon |   1119 |   1094 |     25 |      0 |    865 |   2 |  559.5 |
               +--------+--------+--------+--------+--------+-----+--------+

Top non-repeatable levels by time:
     D:1: 654 daAuts
     D:2: 465 daAuts
